 Dungeon Crawl Stone Soup version 0.28-a0-932-g843f935a50 (webtiles) character file.

Game seed: 6133018559942119795

4 shoop the Vexing (level 1, 0/20 HPs)
             Began as an Ogre Arcane Marksman on Nov 27, 2021.
             Slain by a jackal (2 damage)
             ... on level 1 of the Dungeon.
             The game lasted 00:00:35 (145 turns).

shoop the Vexing (Ogre Arcane Marksman)              Turns: 145, Time: 00:00:35

Health: 0/20       AC:  3    Str: 13    XL:     1   Next: 60%
Magic:  2/2        EV:  9    Int: 14    God:
Gold:   0          SH:  0    Dex:  9    Spells: 1/2 levels left

rFire   . . .      SeeInvis .   (no weapon)
rCold   . . .      Faith    .   (no shield)
rNeg    . . .      Spirit   .   a - +0 robe
rPois   .          Reflect  .   (helmet restricted)
rElec   .          Harm     .   (no cloak)
rCorr   .          Rampage  .   (gloves unavailable)
Will    .....                   (boots unavailable)
Stlth   +.........              (no amulet)
HPRegen 0.06/turn               (no ring)
MPRegen 0.08/turn               (no ring)

@: no status effects
A: large, unfitting armour, tough skin 1
a: no special abilities


You were on level 1 of the Dungeon.
You visited 1 branch of the dungeon, and saw 1 of its levels.

Inventory:

Missiles
 b - 4 large rocks (quivered)
 c - 2 throwing nets
Armour
 a - a +0 robe (worn)


   Skills:
 + Level 2.2 Fighting
 - Level 2.0 Throwing
 - Level 1.7 Dodging
 - Level 1.2 Spellcasting
 - Level 2.6 Hexes


You had one spell level left.
You knew the following spells:

 Your Spells              Type           Power      Damage    Failure   Level
a - Slow                  Hex            32%        N/A       9%          1

Your spell library contained the following spells:

 Spells                   Type           Power      Damage    Failure   Level
 Inner Flame              Hex/Fire       4%         N/A       41%         3
 Portal Projectile        Hex/Tloc       8%         N/A       41%         3
 Cause Fear               Hex            4%         N/A       65%         4


Dungeon Overview and Level Annotations

Branches:
Dungeon (1/15)

Altars:


Innate Abilities, Weirdness & Mutations

You are too large for most types of armour.
You have tough skin. (AC +1)


Message History

* * * LOW HITPOINT WARNING * * *
You closely miss the ball python.
The ball python is heavily wounded.
The ball python bites you but does no damage.
You closely miss the ball python.
The ball python is heavily wounded.
The ball python bites you.
* * * LOW HITPOINT WARNING * * *
You closely miss the ball python.
The ball python is heavily wounded.
The ball python bites you but does no damage.
The ball python barely misses you.
You barely miss the ball python.
The ball python is heavily wounded.
The ball python closely misses you.
You barely miss the ball python.
The ball python is heavily wounded.
The ball python closely misses you.
You hit the ball python.
The ball python is severely wounded.
The ball python barely misses you.
You hit the ball python.
You kill the ball python!
You closely miss the jackal. The jackal barely misses you.
The jackal closely misses you.
You barely miss the jackal. The jackal barely misses you.
You hit the jackal.
The jackal is heavily wounded.
The jackal barely misses you.
You hit the jackal.
The jackal is almost dead.
The jackal barely misses you. The jackal bites you.
* * * LOW HITPOINT WARNING * * *
You closely miss the jackal.
The jackal is almost dead.
The jackal barely misses you.
You barely miss the jackal.
The jackal is almost dead.
The jackal bites you.
You die...

### ####.# #....# ####
#.##.# #... #.##.# .# #
#... #.##.##.#...#.#
#...####.##.##.#.#.#.#
+....h@..##.##.#.#.#.#
#...#######........#.#
.......+............>...##


..##.S.#####PPP.PPPPPPPPPP . #... ####PP..PPPPPPPPPP #... ......P.P...†.PPPP
#### ###...P..PPPPP..PP #.PP.PPP...PPP.P #..P.PP.PPP.PP.P You could see a
jackal.

Vanquished Creatures
  A ball python (D:1)
  A jackal (D:1)
  A frilled lizard (D:1)
  A rat (D:1)
4 creatures vanquished.

Vanquished Creatures (others)
  11 plants (D:1)
11 creatures vanquished.

Grand Total: 15 creatures vanquished

Notes
Turn   | Place    | Note
-------+----------+-------------------------------------------
     0 | D:1      | shoop the Ogre Arcane Marksman began the quest for the Orb.
     0 | D:1      | Reached XP level 1. HP: 19/19 MP: 2/2
   145 | D:1      | Slain by a jackal

Illustrated notes

Levels and vault maps discovered:
D:1:      roderic_crop_circles_arrival_small, layout_basic, minmay_box_of_dots

Skill      XL: |  1 |
---------------+----+-----
Fighting       | 2 |  2.2
Throwing       | |  2.0
Dodging        | |  1.7
Spellcasting   | |  1.2
Hexes          | |  2.6

Action                   || total
-------------------------++-------
Melee: Unarmed           ||    40
Armor: Robe              ||     6
Dodge: Dodged            ||    27

Table legend: (Time is in decaauts)
 A = Elapsed time spent in this place.
 B = Non-inter-level travel time spent in this place.
 C = Inter-level travel time spent in this place.
 D = Time resting spent in this place.
 E = Time spent auto-exploring this place.
 F = Levels seen in this place.
 G = Mean time per level.
                   A        B        C        D        E       F      G
               +--------+--------+--------+--------+--------+-----+--------+
         Total |    145 |    145 |      0 |      0 |     71 |   1 |  145.0 |
       Dungeon |    145 |    145 |      0 |      0 |     71 |   1 |  145.0 |
               +--------+--------+--------+--------+--------+-----+--------+

Top non-repeatable levels by time:
     D:1: 145 daAuts
